 Dungeon Crawl Stone Soup version 0.31-a0-175-g9f7f995f2b (webtiles) character file.

Game seed: 11845714167250397155

85 Anon1729 the Trooper (level 4, -2/41 HPs)
             Began as a Minotaur Monk on June 16, 2023.
             Slain by Pargi (3 damage)
             ... on level 3 of the Dungeon.
             The game lasted 00:00:54 (1860 turns).

Anon1729 the Trooper (Minotaur Monk)                Turns: 1860, Time: 00:00:55

Health: -2/41      AC:  3    Str: 15    XL:     4   Next: 25%
Magic:  4/4        EV: 13    Int:  7    God:
Gold:   101        SH:  0    Dex: 15    Spells: 3/3 levels left

rFire   . . .        a - +0 short sword
rCold   . . .        d - orb {light}
rNeg    . . .        b - +0 robe
rPois   .            (helmet restricted)
rElec   .            (no cloak)
rCorr   .            i - +0 pair of gloves
SInv    .            (no boots)
Will    .....        (no amulet)
Stlth   +            (no ring)
HPRegen 0.26/turn    (no ring)
MPRegen 0.09/turn

%: no passive effects
@: glowing
A: horns 2, retaliatory headbutt
a: no special abilities


You were on level 3 of the Dungeon.
You visited 1 branch of the dungeon, and saw 3 of its levels.

You collected 101 gold pieces.

Inventory:

Hand Weapons
 a - a +0 short sword (weapon)
Armour
 b - a +0 robe (worn)
 d - an orb of light (worn)
 i - a +0 pair of gloves (worn)
Jewellery
 e - a +5 ring of evasion
Scrolls
 f - a scroll of enchant weapon {unknown}
 g - 2 scrolls of enchant armour {unknown}
 j - a scroll of identify {unknown}
Potions
 c - 2 potions of ambrosia
 h - a potion of magic {unknown}
 k - a potion of heal wounds {unknown}


   Skills:
 + Level 4.3 Fighting
 + Level 3.8 Short Blades
 + Level 1.8 Armour
 + Level 3.8 Dodging
 + Level 1.4 Invocations


You had 3 spell levels left.
You didn't know any spells.
Your spell library was empty.

Dungeon Overview and Level Annotations

Branches:
Dungeon (3/15)

Altars:
Jiyva

Shops:
D:1 =

Annotations:
D:1 2 runed translucent doors
D:3 Pargi


Innate Abilities, Weirdness & Mutations

You have a pair of horns on your head.
You reflexively headbutt those who attack you in melee.


Message History

You are too injured to fight recklessly!
You are too injured to fight recklessly!
You are too injured to fight recklessly!
You are too injured to fight recklessly!
You are too injured to fight recklessly!
You are too injured to fight recklessly!
You are too injured to fight recklessly!
You are too injured to fight recklessly!
You are too injured to fight recklessly!
You hit Pargi.
Pargi is heavily wounded.
Pargi bites you. Pargi closely misses you. Pargi barely misses you.
You hit Pargi.
Pargi is severely wounded.
Pargi bites you. Pargi claws you. x2
* * * LOW HITPOINT WARNING * * *
You barely miss Pargi.
Pargi is severely wounded.
Pargi closely misses you. x2; Pargi barely misses you.
You hit Pargi.
Pargi is severely wounded.
You completely miss Pargi.
Pargi is severely wounded.
Pargi bites you but does no damage. Pargi misses you. Pargi claws you.
* * * LOW HITPOINT WARNING * * *
You hit Pargi but do no damage.
Pargi is severely wounded.
Pargi misses you. Pargi closely misses you. x2
You hit Pargi.
Pargi is severely wounded.
Pargi bites you.
* * * LOW HITPOINT WARNING * * *
Pargi claws you.
* * * LOW HITPOINT WARNING * * *
Pargi claws you but does no damage.
You barely miss Pargi.
Pargi is severely wounded.
Pargi completely misses you. Pargi claws you but does no damage.
Pargi claws you.
You die...

..........................# ##
#.......#...#..##.........#
..##.........)# #.##.........#
...#....r.....###.##.[.......#
#...#####........##.........#
#.....<..#.#.....##.........#
######.......#.#...##........#
.......#...##......?..#......#
...............T@....##..<.###
........#........[.####..###
..............##.#.# #..#
........##....##.#.# #.##
#.#....###.....#.#.# ..#
#...##...##......#.# ..##
...#####.##...##......# <.##
.#..#......... .## .


You could see Pargi.

Vanquished Creatures
  Terence (D:2)
  An adder (D:2)
  A worm (D:2)
  2 dart slugs (D:2)
  An orc (D:2)
  A ball python (D:2)
  3 bats (D:1)
  5 endoplasms
  A giant cockroach (D:2)
  4 hobgoblins
  3 jackals (D:1)
  4 kobolds
  2 quokkas (D:2)
  4 goblins
  5 rats
38 creatures vanquished.

Notes
Turn   | Place    | Note
-------+----------+-------------------------------------------
     0 | D:1      | Anon1729 the Minotaur Monk began the quest for the Orb.
     0 | D:1      | Reached XP level 1. HP: 19/19 MP: 0/0
    28 | D:1      | Found a large runed translucent door.
    28 | D:1      | Noticed a jelly
    31 | D:1      | Found a large runed translucent door.
    32 | D:1      | Noticed a jelly
    37 | D:1      | Noticed a jelly
    41 | D:1      | Found a viscous altar of Jiyva.
    41 | D:1      | Noticed a jelly
    41 | D:1      | Noticed a jelly
    44 | D:1      | Noticed a jelly
    48 | D:1      | Noticed a jelly
   304 | D:1      | Found Noonaoq's Jewellery Shoppe.
   308 | D:1      | Reached XP level 2. HP: 27/27 MP: 1/1
   481 | D:1      | Reached skill level 1 in Armour
  1043 | D:2      | Reached skill level 4 in Fighting
  1092 | D:2      | Reached XP level 3. HP: 22/33 MP: 2/2
  1097 | D:2      | Reached skill level 1 in Invocations
  1479 | D:2      | Noticed Terence
  1488 | D:2      | Killed Terence
  1489 | D:2      | Reached XP level 4. HP: 37/40 MP: 2/4
  1705 | D:3      | Noticed Pargi
  1859 | D:3      | HP: 1/41 [Pargi (3)]
  1860 | D:3      | Slain by Pargi

Illustrated notes

Levels and vault maps discovered:
D:1:      erik_arrival_cave_to_civilisation [erik_arrival_cave_to_temple],
          layout_basic, serial_shops, shop
D:2:      layout_basic, uniq_terence
D:3:      layout_rooms, old_standard_altar, uniq_sigmund, uniq_pargi

Skill      XL: |  1  2  3 |
---------------+----------+-----
Armour         | 1 |  1.8
Fighting       | 4 |  4.3
Invocations    | 1 |  1.4
Short Blades   | |  3.8
Dodging        | |  3.8

Action                     |  1- 3 |  4- 6 || total
---------------------------+-------+-------++-------
  Melee: Short sword       |    82 |    27 ||   109
         Headbutt          |    16 |     4 ||    20
 Armour: Robe              |     9 |    10 ||    19
  Dodge: Dodged            |    47 |    34 ||    81

Table legend: (Time is in decaauts)
 A = Elapsed time spent in this place.
 B = Non-inter-level travel time spent in this place.
 C = Inter-level travel time spent in this place.
 D = Time resting spent in this place.
 E = Time spent auto-exploring this place.
 F = Levels seen in this place.
 G = Mean time per level.
                   A        B        C        D        E       F      G
               +--------+--------+--------+--------+--------+-----+--------+
         Total |   1840 |   1758 |     82 |    126 |   1376 |   3 |  613.3 |
       Dungeon |   1840 |   1758 |     82 |    126 |   1376 |   3 |  613.3 |
               +--------+--------+--------+--------+--------+-----+--------+

Top non-repeatable levels by time:
     D:1: 896 daAuts
     D:2: 874 daAuts
     D:3: 69 daAuts
